Map: Backwater LE

Players

kawasaky

  • Race: Protoss Protoss
  • Spawn Location: 11:00

CynderQuil - Winner!

  • Race: Terran Terran
  • League: Platinum
  • Spawn Location: 5:00

VOD

Have the link to the VOD?

Description

Time

  • Played on: March 25, 2018, 12:12 a.m.
  • Length: 10:05
Show
View Real Time Build Order
Export as new Build Order

kawasaky Protoss 

Build Orders:  

Get SALT Encoding   

  12  0:01  Probe  
  13  0:15  Probe  
  14  0:24  Pylon  
  14  0:33  Assimilator  
  14  0:38  Probe  
  15  0:46  Gateway  
  15  0:50  Probe (Chrono Boost), Pylon  
  16  1:03  Probe (Chrono Boost)  
  17  1:08  Assimilator  
  17  1:11  Probe (Chrono Boost)  
  18  1:17  Probe  
  19  1:29  Probe  
  20  1:35  Cybernetics Core  
  20  1:38  Pylon  
  20  1:47  Forge  
  20  1:53  Zealot  
  22  1:55  Probe (Chrono Boost)  
  23  2:06  Probe (Chrono Boost), Warp Gate (Chrono Boost)  
  24  2:15  Probe  
  24  2:20  Protoss Ground Weapons Level 1  
  24  2:21  Zealot  
  27  2:27  Probe  
  28  2:35  Pylon  
  28  2:39  Probe  
  29  2:51  Probe  
  29  2:54  Gateway  
  30  2:59  Gateway  
  30  3:04  Pylon  
  30  3:07  Probe  
  31  3:22  Pylon  
  31  3:25  Zealot  
  33  3:28  Probe  
  34  3:39  Gateway  
  34  3:40  Probe  
  35  3:44  Gateway  
  35  3:52  Probe  
  36  4:04  Probe (Chrono Boost)  
  36  4:08  Stalker x2  
  36  4:09  Stalker  
  43  4:16  Probe (Chrono Boost)  
  44  4:23  Protoss Shields Level 1  
  45  4:24  Probe (Chrono Boost)  
  45  4:30  Probe  
  46  4:42  Probe  
  47  4:51  Sentry x2  
  47  4:52  Sentry x2  
  55  4:54  Probe  
  55  4:55  Zealot  
  58  5:07  Probe (Chrono Boost)  
  59  5:19  Probe (Chrono Boost)  
  60  5:26  Probe (Chrono Boost)  
  59  5:29  Robotics Facility  
  59  5:33  Probe  
  40  5:45  Probe  
  41  5:54  Stargate  
  41  5:55  Protoss Air Weapons Level 1  
  41  6:01  Stargate  
  41  6:02  Probe  
  42  6:14  Probe  
  42  6:17  Observer  
  44  6:26  Stalker, Probe  
  46  6:33  Nexus  
  46  6:35  Pylon  
  46  6:38  Probe, Zealot  
  46  6:39  Zealot x3  
  52  6:53  Probe  
  51  6:59  Stalker  
  51  7:00  Stalker  
  51  7:01  Stalker  
  46  7:17  Stalker  
Show
View Real Time Build Order
Export as new Build Order

CynderQuil Terran - Winner!

Build Orders:  

Get SALT Encoding   

  13  0:07  SCV  
  13  0:19  SCV  
  13  0:21  Supply Depot  
  14  0:31  SCV  
  14  0:32  Refinery  
  15  0:43  SCV  
  15  0:47  Barracks  
  16  0:55  Refinery  
  16  1:01  SCV  
  17  1:13  SCV  
  18  1:25  SCV  
  19  1:35  Barracks Tech Lab  
  19  1:42  Supply Depot  
  19  1:44  Orbital Command  
  19  1:54  Factory  
  19  1:57  Marine  
  20  2:13  Bunker  
  20  2:17  SCV  
  21  2:24  Marine  
  22  2:43  Starport  
  22  2:46  Supply Depot  
  22  3:00  SCV  
  23  3:12  SCV  
  24  3:19  Fusion Core  
  24  3:23  Siege Tank  
  24  3:26  Barracks  
  27  3:32  Starport Tech Lab  
  27  3:37  Marine  
  28  3:41  SCV  
  28  3:42  Supply Depot  
  29  3:53  SCV  
  30  3:57  Marine  
  31  4:05  SCV  
  31  4:09  Battlecruiser  
  38  4:21  Weapon Refit  
  38  4:27  Marine x2  
  40  4:36  Siege Tank  
  43  4:43  Supply Depot  
  43  4:47  Marine x2  
  45  5:05  Supply Depot  
  45  5:12  Marine x2, Hellion  
  38  5:41  Siege Tank  
  38  5:43  Viking  
  38  5:44  Marine x2  
  42  6:15  Battlecruiser  
  42  6:16  Hellion  
  42  6:17  Marine  
  42  6:18  Marine  
  45  7:47  Marine x2  
  45  7:49  Siege Tank  
  45  7:50  Battlecruiser  
  55  8:15  Marine x2  
  57  8:26  Command Center  
  57  8:32  Hellion  
  59  9:53  SCV  
Tags
 
League
Platinum
Matchup
PvT
Spawn Locations
Cross Positions
Add a new tag
Caveats
  • Supply blocks, unpowered buildings, or Contaminate may cause inaccurate times.
  • Supply counts are checked every 10 seconds.